 Dungeon Crawl Stone Soup version 0.18.1-48-g4cf74bf (webtiles) character file.

128309 Zapata the Severer (level 16, 0/235 HPs)
             Began as a Minotaur Berserker on July 14, 2016.
             Was the Champion of Trog.
             Slain by a double sword of electrocution (6 damage)
             ... on level 2 of the Elven Halls.
             The game lasted 00:44:59 (22204 turns).

Zapata the Severer (Minotaur Berserker)            Turns: 22204, Time: 00:45:00

Health: 0/235      AC: 23    Str: 33    XL:     16   Next: 48%
Magic:  15/15      EV: 16    Int:  4    God:    Trog [******]
Gold:   1465       SH:  6    Dex: 15    Spells: 0 memorised, 15 levels left

rFire  + + .     SeeInvis .     a - +7 broad axe "Tahuremyt" {flame, rF+ Str+4}
rCold  . . .     Gourm    .     E - +2 chain mail {rN+}
rNeg   + . .     Faith    .     R - +0 buckler {reflect}
rPois  .         Spirit   .     (helmet restricted)
rElec  .         Dismiss  .     W - +2 cloak {+Inv}
rCorr  .         Reflect  +     M - +1 pair of gloves
SustAt .         Harm     .     (no boots)
MR     ++...                    y - amulet of regeneration
Stlth  ..........               c - ring of protection from fire
                                p - ring of protection from magic

@: berserking, lethally poisoned (0 -> -1), very quick, very resistant to
hostile enchantments, extremely unstealthy
A: retaliatory headbutt, horns 2
a: Berserk, Trog's Hand, Brothers in Arms, Burn Spellbooks, Renounce Religion,
Evoke Invisibility


You were on level 2 of the Elven Halls.
You worshipped Trog.
Trog was exalted by your worship.
You were hungry.

You visited 4 branches of the dungeon, and saw 27 of its levels.

You collected 2367 gold pieces.
You spent 902 gold pieces at shops.

Inventory:

Hand Weapons
 a - the +7 broad axe "Tahuremyt" (weapon) {flame, rF+ Str+4}
   (Trog gifted it to you on level 7 of the Dungeon)

   It has been specially enchanted to burn those struck by it, causing extra
   injury to most foes and up to half again as much damage against particularly
   susceptible opponents.
   Big, fiery blades are also staple armaments of hydra-hunters.
   It affects your strength (+4).
   It protects you from fire.
 i - a +3 executioner's axe of holy wrath
Armour
 o - a +2 buckler
 E - a +2 chain mail of positive energy (worn)
 M - a +1 pair of gloves (worn)
 R - a +0 buckler of reflection (worn)
 W - a +2 cloak of invisibility (worn)
Rods
 P - a +1 rod of clouds (14/14)
   (You found it on level 5 of the Lair of Beasts)
Jewellery
 c - a ring of protection from fire (right hand)
 n - a +4 ring of protection
 p - a ring of protection from magic (left hand)
 y - an amulet of regeneration (around neck)
 I - a +4 ring of protection
Wands
 g - a wand of digging (13/24)
 O - a wand of disintegration (15/24)
 Q - a wand of teleportation (1/9)
 U - a wand of heal wounds (7/9)
Scrolls
 f - 2 scrolls of immolation {unknown}
 h - 3 scrolls of magic mapping {unknown}
 j - a scroll of brand weapon {unknown}
 l - 8 scrolls of remove curse
 q - 2 scrolls of enchant weapon {unknown}
 s - 9 scrolls of blinking
 t - 7 scrolls of teleportation
 u - 4 scrolls of fear {unknown}
 w - 3 scrolls of enchant armour {unknown}
 A - 4 scrolls of noise {unknown}
 B - 2 scrolls of recharging {unknown}
 D - 10 scrolls of identify
 H - 3 scrolls of acquirement {unknown}
 J - 4 scrolls of vulnerability {unknown}
 X - a scroll of silence {unknown}
Potions
 b - 2 potions of cancellation
 d - a potion of invisibility
 e - 6 potions of resistance
 k - 3 potions of agility {unknown}
 m - 5 potions of magic {unknown}
 r - 5 potions of flight {unknown}
 x - 7 potions of heal wounds
 z - a potion of berserk rage {unknown}
 C - 3 potions of curing
 G - a potion of haste {unknown}
 K - a potion of mutation {unknown}
 N - a potion of might {unknown}
 S - a potion of beneficial mutation {unknown}
Comestibles
 v - a meat ration
 F - a beef jerky
 L - 5 fruits
 T - 2 royal jellies


   Skills:
 + Level 18.0 Fighting
 + Level 18.8 Axes
 + Level 17.8 Armour
 - Level 11.7 Dodging
 - Level 7.1 Shields


You had 15 spell levels left.
You didn't know any spells.

Dungeon Overview and Level Annotations

Branches:
Dungeon (15/15)            Temple (0/1) D:4            Lair (8/8) D:8
 Shoals (0/4) Lair:4       Spider (0/4) Lair:6        Slime (0/6) Lair:7
    Orc (2/2) D:10            Elf (2/3) Orc:2        Vaults (0/5) D:14
 Depths (0/5) D:15

Altars:
Dithmenos
Elyvilon
Fedhas
Makhleb
Nemelex Xobeh
Qazlal
Ru
Sif Muna
Xom
Yredelemnul
Zin
The Shining One
Beogh

Shops:
D:4 }   Orc:2 :([(   Elf:1 *

Portals:
Trove: D:10 (give 17 scrolls of identify)

Annotations:
Lair:3 Urug


Innate Abilities, Weirdness & Mutations

You reflexively headbutt those who attack you in melee.
You have a pair of horns on your head.


Message History

The glaive of venom closely misses you.
The double sword of electrocution hits you!!
* * * LOW HITPOINT WARNING * * *
You are too injured to fight recklessly!
Unknown command.
You are too injured to fight recklessly!
You are too injured to fight recklessly!
You feel a strong urge to attack something.
You feel sick. The glaive of venom misses you.
The double sword of electrocution hits you!
* * * LOW HITPOINT WARNING * * *
Things that are here:
a long sword; a chain mail You feel sick.
You slash the double sword of electrocution!
You headbutt the double sword of electrocution.
The double sword of electrocution is heavily damaged.
You miss the glaive of venom.
The double sword of electrocution hits you.
You die...

##.....######'###..#.#
##......'...#....##)..#
#.......'...#.....#.#..
#.......'...).....#....
#...)...'...#.....#)#..
##......)...#....##)..#
##.....######'###.)#.#
##)..()#.............#
#...(@.#.#.#.#.#.#.#.#
#......##.............#
#.....#################
##..... ##..... #......
.... .....


You could see 2 dancing weapons.

Vanquished Creatures
  Norris (Elf:2)
  Rupert (Lair:4)
  A deep elf elementalist (Elf:2)
  An ettin (D:15)
  2 hydras
  4 centaur warriors
  3 catoblepae (Lair:8)
  A death knight (D:13)
  3 tengu warriors
  8 death yaks (Lair:8)
  6 dancing weapons
  5 orc high priests (Orc:2)
  8 deep elf knights
  Sonja (D:14)
  A hell knight (D:15)
  An iron troll (D:14)
  A skeletal warrior (D:13)
  A wizard (D:14)
  The ghost of sarahorange the Thaumaturge, a novice SpCj of Vehumet (D:8)
  An unseen horror (D:15)
  3 hill giants
  3 deep elf archers
  6 orc sorcerers
  6 orc knights
  19 ugly things
  3 griffons
  4 cyclopes
  40 deep elf magi
  2 manticores
  2 centaur zombies
  4 black mambas
  An octopode (shapeshifter) (D:14)
  15 elephants
  2 gargoyles
  A torpor snail (Lair:7)
  10 spiny frogs
  3 freezing wraiths
  8 komodo dragons
  4 rime drakes
  2 kobold demonologists
  An efreet (D:14)
  6 trolls
  2 guardian mummies (D:10)
  Grinder (D:3)
  5 two-headed ogres
  A merfolk (shapeshifter) (Elf:1)
  22 blink frogs
  5 polar bears
  A boulder beetle (Lair:8)
  9 slime creatures
  An air elemental (Elf:2)
  A shadow (D:15)
  3 redbacks (Lair:6)
  47 yaks
  3 wraiths
  Eustachio (D:6)
  13 hippogriffs
  3 wyverns
  3 basilisks
  A hungry ghost (D:14)
  6 vampire mosquitoes
  A mottled dragon (D:12)
  A warg (Orc:2)
  16 water moccasins
  10 porcupines
  2 ice beasts
  A phantom (D:11)
  49 orc warriors
  16 ogres
  3 black bears
  2 wasps
  5 sky beasts
  An eye of draining (D:15)
  A necrophage (D:14)
  23 centaurs
  17 crocodiles
  2 big kobolds
  A gnoll sergeant (D:8)
  17 giant frogs
  2 earth elementals
  6 scorpions
  A wyvern skeleton (D:9)
  5 killer bees (D:13)
  8 wights
  2 electric eels
  A howler monkey (D:4)
  6 crimson imps
  A giant frog zombie (D:12)
  2 hounds
  Crazy Yiuf (D:3)
  3 giant frog skeletons
  33 orc priests
  A jelly (D:8)
  28 orc wizards
  6 iguanas
  Ijyb (D:3)
  Jessica (D:2)
  A centaur skeleton (D:9)
  Terence (D:2)
  10 worker ants
  13 sheep
  2 killer bee zombies
  Robin (D:2)
  A worker ant zombie (D:6)
  13 gnolls
  70 river rats
  12 adders
  3 shadow imps
  An adder skeleton (D:4)
  6 worms
  6 giant geckos
  104 orcs
  7 giant cockroaches
  10 hobgoblins
  18 jackals
  6 quokkas
  3 ball pythons
  7 bats
  3 giant newts
  20 goblins
  23 kobolds
  A quokka skeleton (D:4)
  A quokka zombie (D:7)
  7 rats
  A butterfly (Lair:4)
  12 fungi
  4 plants
967 creatures vanquished.

Vanquished Creatures (collateral kills)
  An orc warlord (Orc:2)
  A warg (Orc:2)
  4 orc warriors (Orc:2)
  An orc priest (Orc:2)
  An iguana (D:11)
  2 orcs (Orc:2)
10 creatures vanquished.

Vanquished Creatures (others)
  A tengu conjurer (D:14)
  A centaur (D:14)
  An orc wizard (Orc:2)
  An adder (D:4)
  A gnoll (D:8)
  A quokka (D:8)
  A giant gecko skeleton (D:4)
  2 fulminant prisms (D:8)
  3 fungi
  A plant (Lair:8)
13 creatures vanquished.

Grand Total: 990 creatures vanquished

Notes
Turn   | Place    | Note
--------------------------------------------------------------
     0 | D:1      | Zapata the Minotaur Berserker began the quest for the Orb.
     0 | D:1      | Reached XP level 1. HP: 19/19 MP: 0/0
   168 | D:1      | Reached XP level 2. HP: 23/26 MP: 1/1
   689 | D:2      | Noticed Robin
   694 | D:2      | Reached skill level 5 in Axes
   698 | D:2      | Killed Robin
   698 | D:2      | Reached XP level 3. HP: 21/31 MP: 2/2
   699 | D:2      | Reached ** piety under Trog
   973 | D:2      | Found a sacrificial altar of Ru.
   974 | D:2      | Noticed Jessica
   985 | D:2      | Killed Jessica
   985 | D:2      | Reached XP level 4. HP: 23/39 MP: 3/3
  1513 | D:2      | Noticed Terence
  1522 | D:2      | Killed Terence
  1522 | D:2      | Reached XP level 5. HP: 45/45 MP: 4/4
  1728 | D:2      | Reached *** piety under Trog
  1810 | D:3      | Noticed Grinder
  1818 | D:3      | Killed Grinder
  1818 | D:3      | Reached XP level 6. HP: 49/51 MP: 5/5
  1994 | D:3      | Found a blossoming altar of Fedhas.
  2036 | D:3      | Noticed Crazy Yiuf
  2046 | D:3      | Killed Crazy Yiuf
  2138 | D:3      | Noticed Ijyb
  2158 | D:3      | Killed Ijyb
  2226 | D:3      | Reached XP level 7. HP: 33/57 MP: 6/6
  2406 | D:3      | Reached **** piety under Trog
  2524 | D:3      | Found a shimmering altar of Xom.
  2644 | D:4      | Reached skill level 10 in Axes
  2810 | D:4      | Found Mossialu's Gadget Shoppe.
  3086 | D:4      | Found a staircase to the Ecumenical Temple.
  3254 | D:4      | Found a white marble altar of Elyvilon.
  3281 | D:4      | Found a basalt altar of Yredelemnul.
  3440 | D:4      | Found a stormy altar of Qazlal.
  3442 | D:4      | Noticed a water elemental
  3443 | D:4      | Noticed an air elemental
  3443 | D:4      | Noticed a fire elemental
  3668 | D:5      | Entered Level 5 of the Dungeon
  3840 | D:5      | Reached XP level 8. HP: 64/64 MP: 7/7
  3843 | D:5      | Reached ***** piety under Trog
  4345 | D:6      | Found a glowing golden altar of the Shining One.
  4393 | D:6      | Found a shimmering altar of Xom.
  4431 | D:6      | Found a deep blue altar of Sif Muna.
  4750 | D:6      | Noticed Eustachio
  4788 | D:6      | Killed Eustachio
  5001 | D:7      | Received a gift from Trog
  5006 | D:7      | Got a translucent broad axe {god gift}
  5007 | D:7      | Identified the +7 broad axe "Tahuremyt" {flame, rF+ Str+4} (Trog gifted it to you on level 7 of the Dungeon)
  5223 | D:7      | Reached XP level 9. HP: 66/70 MP: 8/8
  5276 | D:7      | Found a burning altar of Makhleb.
  5524 | D:8      | Noticed sarahorange's ghost (novice SpCj)
  5539 | D:8      | Killed sarahorange's ghost
  5712 | D:8      | Reached skill level 15 in Axes
  5793 | D:8      | Found a sparkling altar of Nemelex Xobeh.
  5934 | D:8      | Found a staircase to the Lair.
  6377 | D:9      | Found a glowing silver altar of Zin.
  6623 | D:10     | Entered Level 10 of the Dungeon
  6740 | D:10     | Reached XP level 10. HP: 77/77 MP: 9/9
  6906 | D:10     | Found a portal to a secret trove of treasure.
  6918 | D:10     | Got a fine scale mail
  7037 | D:10     | Identified the cursed +1 scale mail "Kafacsov" {MR+ Slay+2} (You found it on level 10 of the Dungeon)
  7101 | D:10     | Found a staircase to the Orcish Mines.
  7275 | D:11     | Noticed a purple ugly thing
  7283 | D:11     | Killed a purple ugly thing
  7395 | D:11     | Noticed a hill giant
  7401 | D:11     | Killed a hill giant
  7519 | D:11     | Noticed a manticore
  7533 | D:11     | Killed a manticore
  7768 | D:11     | Noticed a cyclops
  7781 | D:11     | Killed a cyclops
  7781 | D:11     | Reached XP level 11. HP: 45/83 MP: 10/10
  7973 | D:11     | Reached skill level 5 in Fighting
  8108 | D:12     | Noticed a centaur warrior
  8109 | D:12     | Received a gift from Trog
  8115 | D:12     | Noticed a green ugly thing
  8123 | D:12     | Killed a centaur warrior
  8123 | D:12     | Reached skill level 5 in Armour
  8125 | D:12     | Killed a green ugly thing
  8199 | D:12     | Reached skill level 5 in Dodging
  8281 | D:12     | Received a gift from Trog
  8573 | Lair:1   | Entered Level 1 of the Lair of Beasts
  9085 | Lair:1   | Reached skill level 1 in Shields
  9569 | Lair:2   | Reached skill level 5 in Shields
  9816 | Lair:2   | Reached ****** piety under Trog
  9888 | Lair:2   | Reached XP level 12. HP: 98/98 MP: 11/11
 10161 | Lair:3   | Noticed Urug
 10163 | Lair:3   | You fall through a shaft for 2 floors!
 10264 | Lair:5   | Received a gift from Trog
 10417 | Lair:5   | Identified a +1 rod of clouds (14/14) (You found it on level 5 of the Lair of Beasts)
 11031 | Lair:6   | Noticed a four-headed hydra
 11038 | Lair:6   | Killed a one-headed hydra
 11181 | Lair:6   | Found a hole to the Spider Nest.
 12252 | Lair:7   | Found a staircase to the Slime Pits.
 12351 | Lair:7   | Reached skill level 10 in Fighting
 12352 | Lair:7   | Received a gift from Trog
 12391 | Lair:7   | Reached skill level 10 in Armour
 12391 | Lair:7   | Reached XP level 13. HP: 97/111 MP: 12/12
 13006 | Lair:8   | Entered Level 8 of the Lair of Beasts
 13155 | Lair:8   | Reached skill level 10 in Dodging
 13624 | Lair:8   | Received a gift from Trog
 14852 | Lair:4   | Noticed Rupert
 14863 | Lair:4   | Killed Rupert
 14863 | Lair:4   | Reached XP level 14. HP: 127/127 MP: 13/13
 14971 | Lair:4   | Found a staircase to the Shoals.
 15137 | Lair:4   | Received a gift from Trog
 15764 | Orc:1    | Entered Level 1 of the Orcish Mines
 15991 | Orc:1    | Found a roughly hewn altar of Beogh.
 16224 | Orc:2    | Entered Level 2 of the Orcish Mines
 16312 | Orc:2    | Received a gift from Trog
 16565 | Orc:2    | Found a staircase to the Elven Halls.
 16650 | Orc:2    | Got a faintly glowing shortbow
 16826 | Orc:2    | Found a roughly hewn altar of Beogh.
 16898 | Orc:2    | Reached skill level 15 in Fighting
 16912 | Orc:2    | Found Zohyublu's Weapon Boutique.
 16919 | Orc:2    | Received a gift from Trog
 16934 | Orc:2    | Found Vuehos Comu's Armour Shop.
 17279 | Orc:2    | Noticed an orc warlord
 17282 | Orc:2    | Found a roughly hewn altar of Beogh.
 17287 | Orc:2    | Killed an orc warlord
 17378 | Orc:2    | Reached skill level 15 in Armour
 17420 | Orc:2    | Found Ybull's Book Boutique.
 17464 | Orc:2    | Found Suit's Weapon Shoppe.
 17469 | Orc:2    | Received a gift from Trog
 17924 | D:13     | Reached XP level 15. HP: 141/141 MP: 14/14
 18884 | D:14     | Paralysed by a wizard for 5 turns
 18914 | D:14     | Found a gate to the Vaults.
 19071 | D:14     | Noticed Sonja
 19079 | D:14     | Killed Sonja
 19134 | D:14     | Found a shadowy altar of Dithmenos.
 19342 | D:15     | Entered Level 15 of the Dungeon
 19414 | D:15     | Received a gift from Trog
 19429 | D:15     | Found a staircase to the Depths.
 19504 | D:15     | Found a sparkling altar of Nemelex Xobeh.
 20061 | Lair:2   | Identified the cursed +0 shortbow of Weabbam {freeze, rElec rPois Str+4 SInv} (You found it on level 2 of the Orcish Mines)
 20342 | Elf:1    | Entered Level 1 of the Elven Halls
 20525 | Elf:1    | Received a gift from Trog
 20616 | Elf:1    | Found Jananiugh's General Store.
 20625 | Elf:1    | Bought a scroll of teleportation for 57 gold pieces
 20625 | Elf:1    | Bought 2 scrolls of identify for 76 gold pieces
 20625 | Elf:1    | Bought 3 scrolls of blinking for 427 gold pieces
 20625 | Elf:1    | Bought 2 scrolls of blinking for 285 gold pieces
 20625 | Elf:1    | Bought a potion of curing for 57 gold pieces
 20724 | Elf:1    | Reached XP level 16. HP: 137/153 MP: 15/15
 21304 | Elf:2    | Found a huge runed gate.
 21304 | Elf:2    | Found a huge runed gate.
 21309 | Elf:2    | Found a huge runed gate.
 21309 | Elf:2    | Found a huge runed gate.
 21309 | Elf:2    | Found a huge runed gate.
 21350 | Elf:2    | Noticed Norris
 21353 | Elf:2    | Paralysed by something for 6 turns
 21373 | Elf:2    | Killed Norris
 21445 | Elf:2    | Got a steaming ring mail
 21466 | Elf:2    | Identified the cursed +0 ring mail of Atecoemoish {Str+5 Dex-3} (You found it on level 2 of the Elven Halls)
 21768 | Elf:2    | Received a gift from Trog
 22202 | Elf:2    | HP: 6/235 [double sword of electrocution (17)]
 22204 | Elf:2    | Slain by a double sword of electrocution

Skill      XL: |  1  2  3  4  5  6  7  8  9 10 11 12 13 14 15 16 |
---------------+-------------------------------------------------+-----
Axes           | 4 5 6 7 8 9 11 13 16 18 | 18.8
Fighting       | 4 7 10 13 15 17 18 | 18.0
Armour         | 3 6 10 12 15 17 | 17.8
Dodging        | 3 6 9 10 11 | 11.7
Shields        | 7 |  7.1

Action                   |  1- 3 |  4- 6 |  7- 9 | 10-12 | 13-15 | 16-18 || total
-------------------------+-------+-------+-------+-------+-------+-------++-------
Melee: Hand axe          |    66 |   138 |   227 |       |       |       ||   431
       Headbutt          |    10 |    31 |    53 |    77 |   227 |    34 ||   432
       Broad axe         |       |       |   116 |   392 |   928 |   143 ||  1579
Invok: Berserk           |     1 |     2 |     4 |     4 |     6 |     2 ||    19
       Burn Spellbooks   |       |       |     3 |     3 |     3 |     2 ||    11
       Brothers in Arms  |       |       |       |     1 |     1 |       ||     2
  Use: Scroll            |       |     7 |     4 |     2 |     1 |     2 ||    16
       Potion            |       |       |       |       |       |     1 ||     1
 Stab: Distracted        |       |       |       |       |       |     1 ||     1
  Eat: Chunk             |     1 |     7 |    16 |    13 |    26 |     6 ||    69
       Beef jerky        |       |       |     1 |       |       |       ||     1
       Meat ration       |       |       |       |     2 |     1 |       ||     3
       Pizza             |       |       |       |       |     1 |       ||     1
Armor: Animal skin       |    10 |    12 |       |       |       |       ||    22
       Scale mail        |       |    29 |    31 |   139 |   165 |       ||   364
       Plate armour      |       |       |   184 |     2 |       |       ||   186
       Chain mail        |       |       |       |       |   128 |    46 ||   174
Dodge: Dodged            |    39 |    55 |   127 |   158 |   447 |    55 ||   881
Block: Buckler           |       |       |       |    40 |   168 |    23 ||   231
       Reflection        |       |       |       |       |    21 |     5 ||    26
